AoeStats
← Inquisidor

Black Forest

509455948Analyzed
3v3 RM · 6d ago on Sep 26, 2026· 50m 27s· 6 players
Game mode
Random Map
Map size
Normal (6 player)
Population
200
Speed
Normal
Resources
Standard
Victory
Conquest
Starting age
Dark Age
Ending age
Imperial Age
RankedLock teamsTeams togetherTeam positionsShared explorationLock speedFull tech treeHidden civsTurbo modeCheats
Victory
Defeat
🇲🇽 Spanish · Mexico
1032
+11
🇪🇸 Saxons · Spain
1009
+11
🇬🇧 Ethiopians · United Kingdom
1000
+38
🇪🇸 Magyars · Spain
994
-14
🇪🇸 Ethiopians · Spain
982
-14
🇪🇸 Persians · Spain
748
-6
Angelstraw
4:11 Loom
13:22 Feudal Age
17:19 Castle Age
16:15 Double-Bit Axe
33:56 Imperial Age
32:03 Wheelbarrow
31:14 Town Watch
33:19 Bow Saw
33:02 Gold Mining
33:08 Stone Mining
34:17 Fletching
34:29 Padded Archer Armor
34:40 Forging
34:36 Scale Barding Armor
34:32 Scale Mail Armor
34:50 Hand Cart
34:36 Town Patrol
35:11 Ballistics
34:47 Murder Holes
36:35 Two-Man Saw
35:18 Horse Collar
37:48 Squires
37:35 Arson
38:27 Iron Casting
37:48 Bodkin Arrow
38:59 Chemistry
37:31 Pikeman
38:28 Chain Mail Armor
38:30 Leather Archer Armor
38:15 Shield Wall
39:50 Gold Shaft Mining
39:55 Bracer
40:38 Conscription
39:40 Elite Hearth Troop
44:17 Ring Archer Armor
44:19 Plate Mail Armor
45:20 Gambesons
49:49 Elite Varangian Guard
Inquisidor
0:31 Loom
12:27 Feudal Age
20:07 Castle Age
19:26 Double-Bit Axe
30:25 Wheelbarrow
35:51 Scale Barding Armor
35:50 Padded Archer Armor
35:45 Horse Collar
36:30 Hand Cart
37:57 Bow Saw
41:02 Imperial Age
38:59 Fishing Lines
40:00 Leather Archer Armor
42:17 Conscription
43:03 Two-Man Saw
42:23 Scale Barding Armor
42:21 Elite Conquistador
43:10 Caravan
44:19 Ring Archer Armor
43:25 Cavalier
44:20 Forging
49:03 Bloodlines
48:54 Husbandry
50:31 Chain Barding Armor
50:49 Iron Casting
Mithranqueer
14:35 Feudal Age
15:56 Double-Bit Axe
20:10 Castle Age
18:05 Horse Collar
21:05 Heavy Plow
21:18 Loom
22:09 Wheelbarrow
23:47 Bow Saw
25:31 Gold Mining
25:32 Stone Mining
27:18 Hand Cart
32:13 Imperial Age
29:29 Town Watch
32:52 Scale Mail Armor
33:03 Forging
33:55 Chemistry
33:00 Siege Engineers
34:02 Two-Man Saw
33:42 Caravan
34:04 Chain Mail Armor
33:28 Elite Shotel Warrior
35:18 Squires
35:04 Arson
35:38 Royal Heirs
37:23 Torsion Engines
38:52 Gold Shaft Mining
38:53 Stone Shaft Mining
39:13 Plate Mail Armor
39:19 Iron Casting
39:16 Plate Mail Armor
47:45 Blast Furnace
conquistador1492
0:31 Loom
12:00 Feudal Age
13:11 Wheelbarrow
12:23 Town Watch
12:31 Double-Bit Axe
12:34 Horse Collar
14:16 Gold Mining
20:43 Stone Mining
23:10 Castle Age
21:33 Man-at-Arms
24:08 Hand Cart
23:54 Town Patrol
40:39 Imperial Age
39:39 Gold Shaft Mining
39:40 Stone Shaft Mining
39:45 Bow Saw
40:02 Heavy Plow
40:47 Elite Skirmisher
Marco_Kido
4:22 Loom
14:28 Feudal Age
15:21 Double-Bit Axe
15:22 Man-at-Arms
15:39 Man-at-Arms
16:31 Horse Collar
17:16 Arson
23:06 Castle Age
24:13 Crossbowman
24:41 Long Swordsman
25:22 Squires
25:14 Fletching
25:24 Padded Archer Armor
25:26 Scale Mail Armor
25:36 Forging
27:47 Fervor
28:08 Bodkin Arrow
28:28 Leather Archer Armor
29:16 Bow Saw
31:06 Stone Mining
31:10 Gold Mining
34:34 Imperial Age
32:49 Thumb Ring
33:53 Gold Shaft Mining
33:56 Stone Shaft Mining
33:52 Ballistics
33:55 Caravan
35:05 Wheelbarrow
34:16 Town Watch
35:22 Leather Archer Armor
35:43 Iron Casting
35:24 Chain Mail Armor
35:14 Scale Barding Armor
36:50 Hand Cart
36:35 Town Patrol
36:19 Arbalester
37:54 Conscription
38:34 Ring Archer Armor
38:09 Bracer
39:35 Two-Man Saw
38:51 Two-Handed Swordsman
40:05 Plate Mail Armor
40:36 Blast Furnace
40:36 Guilds
40:57 Coinage
41:03 Elite Shotel Warrior
43:09 Onager
43:58 Siege Engineers
44:54 Torsion Engines
48:37 Chemistry
LlamasLord
11:15 Feudal Age
10:31 Loom
11:42 Double-Bit Axe
11:39 Horse Collar
16:50 Stone Mining
18:36 Gold Mining
21:52 Castle Age
20:32 Wheelbarrow
20:56 Town Watch
25:09 Bloodlines
25:00 Husbandry
27:17 Scale Barding Armor
31:17 Imperial Age
30:10 Gold Shaft Mining
32:14 Hand Cart
32:01 Town Patrol
32:36 Corvinian Army
33:09 Heavy Plow
35:18 Crop Rotation
35:02 Bow Saw
35:44 Conscription
35:25 Recurve Bow
37:17 Thumb Ring
37:40 Parthian Tactics
40:42 Caravan
40:20 Heavy Cavalry Archer
40:50 Elite Magyar Huszar
41:58 Chain Barding Armor
Connection lost

Rejoining the realm…

Still unreachable

The connection could not be restored.

Session expired

The server has moved on; the page needs a fresh start.